 Seeded DCSS version 0.31-a0-66-ge618eeaa78 (webtiles) character file.

Game seed: 1007316256282069755 (custom seed)

4 edwardauron the Trooper (level 1, 16/16 HPs)
             Began as a Demonspawn Fighter on May 22, 2023.
             Was a Follower of Hepliaklqana.
             Got out of the dungeon alive.
             The game lasted 00:00:27 (243 turns).

edwardauron the Trooper (Demonspawn Fighter)         Turns: 243, Time: 00:00:27

Health: 16/16      AC:  6    Str: 16    XL:     1   Next: 50%
Magic:  1/1        EV:  8    Int:  9    God:    Hepliaklqana [*.....]
Gold:   0          SH:  4    Dex: 12    Spells: 0/0 levels left

rFire   . . .        a - +0 war axe
rCold   . . .        c - +0 buckler
rNeg    . . .        b - +0 scale mail
rPois   .            (no helmet)
rElec   .            (no cloak)
rCorr   .            (no gloves)
SInv    .            (no boots)
Will    .....        (no amulet) Stlth
                     (no ring)
HPRegen 0.22/turn    (no ring)
MPRegen 0.07/turn

%: no passive effects
@: no status effects
A: reduced essence
a: Renounce Religion, Recall Ancestor, Ancestor Identity


You escaped.
You worshipped Hepliaklqana.
Hepliaklqana was aware of your devotion.
You visited 1 branch of the dungeon, and saw 1 of its levels.

Inventory:

Hand Weapons
 a - a +0 war axe (weapon)
Armour
 b - a +0 scale mail (worn)
 c - a +0 buckler (worn)
Scrolls
 e - a scroll of enchant weapon {unknown}
Potions
 d - a potion of might


   Skills:
 - Level 3.0 Fighting
 + Level 1.9 Axes
 + Level 2.8 Armour
 + Level 2.8 Shields


You couldn't memorise any spells.
You didn't know any spells.
Your spell library contained the following spells:

 Spells                   Type           Power      Damage    Failure   Level
 Blink                    Tloc           0%         N/A       96%         2
 Lesser Beckoning         Tloc           0%         N/A       96%         2
 Momentum Strike          Conj/Tloc      0%         3d8       96%         2


Dungeon Overview and Level Annotations

Branches:
Dungeon (1/15)

Altars:
Hepliaklqana


Message History

You hit the endoplasm.
The endoplasm is almost dead.
The endoplasm hits you. The endoplasm closely misses you.
You slash the endoplasm!
You kill the endoplasm!
No target in view!
A kobold comes into view. It is wielding a +0 short sword.
The kobold shouts!
You see here a scroll labelled KOCYOKK TUKU.
The kobold hits you with a +0 short sword.
You closely miss the kobold. You block the kobold's attack.
The kobold hits you with a +0 short sword.
You slash the kobold!
You kill the kobold!
No target in view!
You open the door.
Found a faded altar of an unknown god.
There is an open door here.
You start resting.
HP restored.
There is a faded altar of an unknown god here.
This altar belongs to (a) Uskayaw, (b) Hepliaklqana or (c) Xom, but you can't tell which.
Press the corresponding letter to learn more about a god, or press enter to convert or escape to cancel.
Hepliaklqana accepts your prayer! Hepliaklqana welcomes you!
Hepliaklqana forms a fragment of your life essence into the memory of your ancestor, Rabi!
You can now recall your ancestor.
You can now remember your ancestor's identity.
You swap places.
There is an open door here.
Found a scroll labelled UNAONW OWAGGI.
e - a scroll labelled KOCYOKK TUKU
(D) Dungeon
Where to? (? - help)
What level of the Dungeon? (default 1, ? - help)
You see here a +0 dagger.
There is an open door here.
There is an open door here.
There is a staircase leading out of the dungeon here.
Are you sure you want to leave the Dungeon?
This will make you lose the game!
You have escaped!

#.##.............#
#)#####'########.#
#.....#.#
######'######
#####.#.#
#...........#
#####.#.#
#...........#
......#.#
#...........#
#######.#
#...........# #.#
#.....R.....# .
... #.....@.....#
. #...........# .#
#...........# .#
#...........# .
#.....(.....# .
#...........# ..
######+######


You could see the friendly Rabi the ancestor.

Vanquished Creatures
  2 endoplasms (D:1)
  A kobold (D:1)
  A rat (D:1)
4 creatures vanquished.

Notes
Turn   | Place    | Note
-------+----------+-------------------------------------------
     0 | D:1      | edwardauron the Demonspawn Fighter began the quest for the
                  | Orb.
     0 | D:1      | Reached XP level 1. HP: 18/18 MP: 1/1
   156 | D:1      | Found a faded altar of an unknown god.
   180 | D:1      | Prayed at the altar of an unknown god.
   180 | D:1      | Became a worshipper of Hepliaklqana the Forgotten
   180 | D:1      | Reached * piety under Hepliaklqana
   243 | D:$      | Got out of the dungeon alive.

Illustrated notes

Levels and vault maps discovered:
D:1:      psy_arrival_statuary, layout_basic,
          dreamdust_ecumenical_altar_angels_and_demons

Action                     || total
---------------------------++-------
  Melee: War axe           ||    10
 Armour: Scale mail        ||     2
  Dodge: Dodged            ||     1
  Block: Buckler           ||     2

Table legend: (Time is in decaauts)
 A = Elapsed time spent in this place.
 B = Non-inter-level travel time spent in this place.
 C = Inter-level travel time spent in this place.
 D = Time resting spent in this place.
 E = Time spent auto-exploring this place.
 F = Levels seen in this place.
 G = Mean time per level.
                   A        B        C        D        E       F      G
               +--------+--------+--------+--------+--------+-----+--------+
         Total |    247 |    198 |     49 |     88 |     58 |   1 |  247.0 |
       Dungeon |    247 |    198 |     49 |     88 |     58 |   1 |  247.0 |
               +--------+--------+--------+--------+--------+-----+--------+

Top non-repeatable levels by time:
     D:1: 247 daAuts
